 Dungeon Crawl Stone Soup version 0.15-a0-1766-g0ee8742 (webtiles) character file.

191 Impoz the Shooter (level 5, -7/35 HPs)
             Began as a High Elf Arcane Marksman on June 27, 2014.
             Mangled by a gnoll
             ... wielding a +0 spear
              (9 damage)
             ... on Level 2 of the Dungeon on June 28, 2014.
             The game lasted 00:17:34 (3204 turns).

Impoz the Shooter (High Elf Arcane Marksman)        Turns: 3204, Time: 00:17:34

HP  -7/35        AC  2     Str 10      XL: 5   Next: 41%
MP  14/14        EV 14     Int 17      God:
Gold 81          SH  0     Dex 15      Spells:  3 memorised,  3 levels left

rFire  . . .     SeeInvis .     k - +0 club
rCold  . . .     Clarity  .     c - +0 robe (curse)
rNeg   . . .     rCorr    .     (no shield)
rPois  .         rRot     .     (no helmet)
rElec  .         Spirit   .     (no cloak)
SustAb .         Warding  .     (no gloves)
rMut   .         Stasis   .     (no boots)
Gourm  .                        g - amulet of faith
MR     .....                    (no ring)
                                s - -2 ring of slaying

@: starving, not resistant to hostile enchantments, very unstealthy
A: no striking features
a: no special abilities


You were on level 2 of the Dungeon.
You were starving.

You visited 1 branch of the dungeon, and saw 3 of its levels.

You collected 81 gold pieces.

Inventory:

Hand weapons
 b - a +0 shortbow
 k - a +0 club (weapon)
Armour
 a - a +0 robe
 c - a cursed +0 robe (worn)
Comestibles
 f - 4 bread rations
 i - 4 fruits
 m - a beef jerky
 t - a slice of pizza
Scrolls
 e - a scroll of amnesia
Jewellery
 g - an amulet of faith (around neck)
 s - a -2 ring of slaying (left hand)
Potions
 j - a potion of agility {unknown}
 l - a potion of confusion {unknown}
 n - a potion of restore abilities {unknown}
 o - a potion of resistance {unknown}
 p - a potion of poison {unknown}
 q - a potion of paralysis {unknown}
Books
 d - a book of Debilitation

   Spells                             Type                      Level
   *Corona                            Hexes                        1
   *Slow                              Hexes                        2
   Inner Flame                        Hexes/Fire                   3
   Enslavement                        Hexes                        4
   *Cause Fear                        Hexes                        4
   Leda's Liquefaction                Hexes/Earth                  4


   Skills:
 + Level 2.5 Fighting
 + Level 4.1 Bows
 - Level 4.0 Dodging
 + Level 3.1 Spellcasting
 - Level 3.0 Hexes


You had 3 spell levels left.
You knew the following spells:

 Your Spells              Type           Power        Failure   Level  Hunger
a - Corona                Hex            ##.....      6%          1    None
b - Slow                  Hex            ##......     10%         2    ##.....
c - Cause Fear            Hex            ##........   58%         4    ####...


Dungeon Overview and Level Annotations

Branches:
Dungeon (3/15)

Altars:


Message History

You hit the gnoll but do no damage.
The gnoll is almost dead.
The gnoll hits you with a halberd!
* * * LOW HITPOINT WARNING * * *
You hit the gnoll but do no damage.
The gnoll is almost dead.
The gnoll barely misses you.
You hit the gnoll.
You kill the gnoll!
You are starving!
You hit the gnoll but do no damage. The gnoll closely misses you.
You barely miss the gnoll. The gnoll hits you with a spear.
* * * LOW HITPOINT WARNING * * *
You hit the gnoll but do no damage. The gnoll closely misses you.
The gnoll closely misses you.
You hit the gnoll but do no damage. The gnoll misses you.
You hit the gnoll but do no damage. The gnoll hits you with a spear.
* * * LOW HITPOINT WARNING * * *
You closely miss the gnoll. The gnoll hits you with a spear!
You die...

#.## #.# #..# #.# ##.# #.#
####### #.# #..'..# #(#
#..#..# #(#
####'###'#######(##########
#..'.....g..#..............
#%.#.....#@.####.##########
####...g.#### #g#
#..#.....#..# #.#
#######..#.....#..####.#
......#'####g####'#....#
#####.........gg.g..##.#
#...............##.#
##.............###.#
##'####'####'## #.#


You could see a gnoll.

Vanquished Creatures
  Sigmund (D:2)
  3 gnolls (D:2)
  2 adders (D:2)
  2 worms (D:2)
  An ooze (D:1)
  An orc (D:2)
  8 ball pythons
  5 giant cockroaches
  4 goblins
  7 hobgoblins
  5 jackals (D:2)
  A quokka (D:2)
  5 bats
  A giant newt (D:3)
  8 kobolds
  5 rats
59 creatures vanquished.

Notes
Turn   | Place    | Note
--------------------------------------------------------------
     0 | D:1      | Impoz, the High Elf Arcane Marksman, began the quest for the Orb.
     0 | D:1      | Reached XP level 1. HP: 13/13 MP: 3/3
   365 | D:1      | Reached XP level 2. HP: 12/18 MP: 2/4
   789 | D:2      | Reached XP level 3. HP: 21/23 MP: 6/8
  1096 | D:2      | Learned a level 2 spell: Slow
  1430 | D:2      | Upgraded the game from 0.15-a0-1729-g99b9770 to 0.15-a0-1766-g0ee8742
  1438 | D:2      | Reached XP level 4. HP: 29/29 MP: 11/11
  2116 | D:2      | Noticed Sigmund
  2159 | D:2      | Killed Sigmund
  2159 | D:2      | Reached XP level 5. HP: 5/35 MP: 13/13
  2463 | D:2      | Learned a level 4 spell: Cause Fear
  2831 | D:3      | Reached skill level 4 in Bows
  3204 | D:2      | Mangled by a gnoll

Action                   |  1- 3 |  4- 6 || total
-------------------------+-------+-------++-------
Melee: Unarmed           |       |    17 ||    17
       Club              |       |    29 ||    29
 Fire: Shortbow          |   126 |    73 ||   199
 Cast: Corona            |     8 |     9 ||    17
       Slow              |       |     1 ||     1
  Use: Potion            |       |     7 ||     7
       Scroll            |       |     6 ||     6
